 Dungeon Crawl Stone Soup version 0.29-a0-378-gc08b2e8bf8 (webtiles) character file.

Game seed: 14642393361003452771

1260 zeratav the Slicer (level 8, 0/49 HPs)
             Began as a Kobold Enchanter on May 4, 2022.
             Was an Initiate of Dithmenos.
             Slain by a hornet (7 damage)
             ... on level 6 of the Dungeon.
             The game lasted 00:09:47 (6725 turns).

zeratav the Slicer (Kobold Enchanter)               Turns: 6725, Time: 00:09:47

Health: 0/49       AC:  3    Str:  5    XL:     8   Next: 81%
Magic:  0/11       EV: 15    Int: 16    God:    Dithmenos [......]
Gold:   313        SH:  0    Dex: 18    Spells: 11/11 levels left

rFire   + . .      SeeInvis .   e - +4 short sword {short}
rCold   + . .      Faith    .   (no shield)
rNeg    . . .      Spirit   +   l - +0 robe {Will+}
rPois   .          Reflect  .   (no helmet)
rElec   .          Harm     .   (no cloak)
rCorr   +          Rampage  .   (no gloves)
Will    +....                   v - +0 pair of boots of Ubext {rF+ rC+ rCorr}
Stlth   ++++......              i - amulet of guardian spirit
HPRegen 0.16/turn               (no ring)
MPRegen 0.12/turn               (no ring)

@: slowed, very slow
A: small, no large weapons, nightstalker 3
a: Renounce Religion


You were on level 6 of the Dungeon.
You worshipped Dithmenos.
Dithmenos was noncommittal.
You visited 2 branches of the dungeon, and saw 7 of its levels.

You collected 313 gold pieces.


Innate Abilities, Weirdness & Mutations

You are small and have problems with some larger weapons.
You are completely attuned to the shadows.


   Skills:
 - Level 5.0 Fighting
 + Level 11.5 Short Blades
 - Level 2.4 Dodging
 - Level 4.0 Stealth
 - Level 2.1 Spellcasting
 - Level 3.0 Hexes


You had 11 spell levels left.
You didn't know any spells.
Your spell library contained the following spells:

 Spells                   Type           Power      Damage    Failure   Level
 Ensorcelled Hibernation  Hex/Ice        12%        N/A       17%         2
 Confusing Touch          Hex            11%        N/A       19%         3
 Tukima's Dance           Hex            11%        N/A       19%         3
 Animate Skeleton         Necr           2%         N/A       21%         1
 Pain                     Necr           4%         1d4       21%         1
 Dazzling Flash           Conj/Hex       12%        N/A       32%         3
 Vampiric Draining        Necr           1%         2d6       52%         3
 Iskenderun's Mystic Bla  Conj/Tloc      1%         2d3       90%         4
 Starburst                Conj/Fire      0%         6d3       100%        6

Inventory:

Hand Weapons
 e - a +4 short sword (weapon) {short}
   (You took it off a kobold on level 1 of the Dungeon)
 m - a +0 rapier {short}
   (You found it on level 3 of the Dungeon)
Armour
 l - a +0 robe of willpower (worn)
   (You took it off Jessica on level 2 of the Dungeon)
 p - a +0 robe
   (You found it on level 6 of the Dungeon)
 t - a +0 leather armour
   (You took it off a gnoll shaman on level 6 of the Dungeon)
 v - the +0 pair of boots of Ubext (worn) {rF+ rC+ rCorr}
   (You found it on level 4 of the Dungeon)

   rF:        It protects you from fire.
   rC:        It protects you from cold.
   rCorr:     It protects you from acid and corrosion.
Jewellery
 i - an amulet of guardian spirit (around neck)
   (You found it on level 3 of the Dungeon)
Wands
 n - a wand of flame (25)
   (You found it on level 3 of the Dungeon)
Scrolls
 d - a scroll of amnesia {unknown}
 g - 6 scrolls of identify {unknown}
 k - 3 scrolls of teleportation {unknown}
 o - a scroll of poison {unknown}
 q - a scroll of enchant armour {unknown}
 r - a scroll of immolation {unknown}
 w - a scroll of noise {unknown}
Potions
 a - a potion of magic {unknown}
 b - 2 potions of flight {unknown}
 c - 2 potions of invisibility
 f - 4 potions of haste {unknown}
 h - 2 potions of degeneration {unknown}
 j - 4 potions of heal wounds {unknown}
 s - a potion of curing {unknown}
 u - a potion of berserk rage {unknown}

Dungeon Overview and Level Annotations

Branches:
Dungeon (6/15)             Temple (1/1) D:4

Altars:
Cheibriados
Dithmenos
Elyvilon
Fedhas
Gozag
Hepliaklqana
Kikubaaqudgha
Makhleb
Okawaru
Qazlal
Ru
Trog
Uskayaw
Wu Jian
Xom
Yredelemnul
The Shining One

Annotations:
D:5 3 runed translucent doors, Antichthon's ghost, novice GrFi

##### #.#
#.###.#.### #
#.#
##...........
# #.#
#<.....#.####
# #y######.#
# .###.####
#.# #
......... .#
# ##.....## #
##..y....
....@..##
##.....#
#.....#
###.### #.#
#.# #.# #.#
#.#


You could see a hornet.


Message History

You barely miss the gnoll. You puncture the gnoll!
You kill the gnoll!
Dithmenos accepts your kill.
You start resting.
A gnoll comes into view. It is wielding a +0 club.
HP[+1] MP[+1]
You hit the gnoll. You closely miss the gnoll.
The gnoll hits you with a +0 club.
HP[-1]
You take 1 damage, and now have 26/49 hp.
You barely miss the gnoll. You hit the gnoll.
The gnoll hits you with a +0 club.
* * * LOW HITPOINT WARNING * * *
HP[-2] MP[-1]
You take 2 damage, and now have 24/49 hp.
You lost 1 mp, and now have 8/11 mp.
You completely miss the gnoll. You hit the gnoll. The gnoll closely misses you.
You puncture the gnoll!
You kill the gnoll!
Dithmenos accepts your kill.
You start resting.
HP[+4] MP[+3]
You regained 4 hp, and now have 28/49 hp.
Your mp is fully restored (11).
You start resting.
HP[+21]
Your hp is fully restored (49).
t - a +0 leather armour You now have 303 gold pieces (gained 3).
Items here: ( )))))) ÷÷ ††.
Things that are here:
a +0 club {mace}; a kobold skeleton You now have 313 gold pieces (gained 10).
Things that are here:
a +0 whip {mace}; a kobold skeleton
Things that are here:
a +0 club {mace}; a kobold skeleton
Found a stone staircase leading up.
There is a stone staircase leading up here.
A hornet comes into view.
The hornet buzzes angrily.
There is a stone staircase leading up here.
The hornet stings you.
You feel yourself slow down.
You climb upwards.
Level annotation: 3 runed translucent doors, Antichthon's ghost, novice GrFi You feel yourself speed up.
There is a stone staircase leading down here.
HP[-2]
You take 2 damage, and now have 47/49 hp.
HP[+2]
Your hp is fully restored (49).
There is a stone staircase leading down here.
You climb downwards.
There is a stone staircase leading up here.
The hornet closely misses you. The hornet misses you.
You barely miss the hornet. You closely miss the hornet. The hornet stings you.
You feel yourself slow down.
HP[-2] MP[-1]
You take 2 damage, and now have 47/49 hp.
You lost 1 mp, and now have 10/11 mp.
You hit the hornet. The hornet closely misses you.
You completely miss the hornet. The hornet stings you.
You feel as though you will be slow longer.
HP[-5] MP[-1]
You take 5 damage, and now have 42/49 hp.
You lost 1 mp, and now have 9/11 mp.
You hit the hornet. The hornet closely misses you.
You hit the hornet. The hornet closely misses you.
The hornet completely misses you.
You hit the hornet but do no damage. The hornet stings you!
You feel as though you will be slow longer.
HP[-14] MP[-2]
You take 14 damage, and now have 28/49 hp.
MASSIVE DAMAGE!! (PAUSE)
You lost 2 mp, and now have 7/11 mp.
You hit the hornet. The hornet stings you!
* * * LOW HITPOINT WARNING * * *
You feel as though you will be slow longer.
HP[-12] MP[-3]
You take 12 damage, and now have 16/49 hp.
MASSIVE DAMAGE!! (PAUSE)
You lost 3 mp, and now have 4/11 mp.
You hit the hornet. The hornet barely misses you.
HP[+1]
You puncture the hornet! The hornet stings you!
* * * LOW HITPOINT WARNING * * *
You feel as though you will be slow longer.
The hornet misses you.
HP[-10] MP[-2]
You take 10 damage, and now have 7/49 hp.
MASSIVE DAMAGE!! (PAUSE)
You lost 2 mp, and now have 2/11 mp.
You hit the hornet. The hornet closely misses you.
You completely miss the hornet. The hornet barely misses you.
You closely miss the hornet. The hornet stings you!
You die...

Skill      XL: |  1  2  3  4  5  6  7  8 |
---------------+-------------------------+-----
Fighting       | 1 2 3 5 |  5.0
Short Blades   | 3 6 9 11 | 11.5
Dodging        | |  2.4
Stealth        | |  4.0
Spellcasting   | |  2.1
Hexes          | |  3.0

Action                   |  1- 3 |  4- 6 |  7- 9 || total
-------------------------+-------+-------+-------++-------
Melee: Dagger            |    18 |       |       ||    18
       Short sword       |    25 |   104 |   114 ||   243
       Punch             |       |       |     3 ||     3
 Stab: Sleeping          |    10 |    22 |     7 ||    39
       Distracted        |       |       |     1 ||     1
Armor: Robe              |     2 |     7 |     4 ||    13
Dodge: Dodged            |    20 |    44 |    48 ||   112

Levels and vault maps discovered:
D:1:      matt_arrival_grand_opening, layout_loops_corners
D:2:      layout_basic, chequers_ecumenical_altar_grove, uniq_terence,
          uniq_jessica
D:3:      layout_basic, gammafunk_temple_overflow_claw
D:4:      layout_basic, temple_green
D:5:      layout_loops_cross, mainiacjoe_overflow_surrounded_room,
          mainiacjoe_overflow_boulevard, gammafunk_ghost_split, uniq_sigmund,
          uniq_menkaure
D:6:      layout_loops_ring, grunt_temple_overflow_order_and_chaos_1,
          minmay_overflow_temple_star_quad
Temple:   minmay_temple_curvy_loop

Notes
Turn   | Place    | Note
-------+----------+-------------------------------------------
     0 | D:1      | zeratav the Kobold Enchanter began the quest for the Orb.
     0 | D:1      | Reached XP level 1. HP: 10/10 MP: 3/3
     0 | D:1      | magus.rc [v1.9.6]
   345 | D:1      | Reached skill level 1 in Fighting
   421 | D:1      | Reached XP level 2. HP: 17/17 MP: 5/5
   755 | D:1      | Reached skill level 2 in Fighting
  1226 | D:1      | Reached XP level 3. HP: 22/22 MP: 6/6
  1477 | D:2      | Noticed Terence
  1485 | D:2      | HP: 4/22 [Terence/+0 flail (5)]
  1488 | D:2      | Killed Terence
  1489 | D:2      | Reached skill level 3 in Fighting
  1489 | D:2      | Reached XP level 4. HP: 6/28 MP: 7/7
  1809 | D:2      | Reached skill level 4 in Fighting
  1921 | D:2      | You pick up a book of Spectacle and begin reading...
  1921 | D:2      | You add the spells Iskenderun's Mystic Blast and Starburst
                  | to your library.
  1962 | D:2      | Found a faded altar of an unknown god.
  2054 | D:2      | You pick up a book of Necromancy and begin reading...
  2054 | D:2      | You add the spells Pain, Animate Skeleton and Vampiric
                  | Draining to your library.
  2072 | D:2      | Noticed Jessica
  2076 | D:2      | Killed Jessica
  2077 | D:2      | Reached skill level 5 in Fighting
  2077 | D:2      | Reached XP level 5. HP: 35/35 MP: 8/8
  2200 | D:2      | Reached skill level 2 in Short Blades
  2553 | D:3      | Reached skill level 3 in Short Blades
  2970 | D:3      | Found a stormy altar of Qazlal.
  2970 | D:3      | Found an opulent altar of Gozag.
  2970 | D:3      | Found a hazy altar of Hepliaklqana.
  3045 | D:3      | Reached XP level 6. HP: 40/40 MP: 9/9
  3419 | D:4      | Reached skill level 4 in Short Blades
  3751 | D:4      | Reached skill level 5 in Short Blades
  3910 | D:4      | Found a staircase to the Ecumenical Temple.
  3917 | Temple   | Entered the Ecumenical Temple
  4171 | Temple   | Became a worshipper of Dithmenos the Shadowed
  4269 | D:4      | Reached skill level 6 in Short Blades
  4269 | D:4      | Reached XP level 7. HP: 30/44 MP: 8/10
  4468 | D:4      | Identified the +9 short sword of Might {protect, Fly Will-
                  | Str-5 Stlth+}
  4606 | D:4      | Identified the +0 pair of boots of Ubext {rF+ rC+ rCorr}
  4725 | D:5      | Entered Level 5 of the Dungeon
  4861 | D:5      | Found an ancient bone altar of Kikubaaqudgha.
  4938 | D:5      | Found a runed translucent gate.
  4939 | D:5      | Found a runed translucent gate.
  4940 | D:5      | Found a runed translucent gate.
  4944 | D:5      | Noticed Menkaure
  5090 | D:5      | Noticed Sigmund
  5094 | D:5      | Killed Sigmund
  5095 | D:5      | Reached skill level 7 in Short Blades
  5176 | D:5      | Killed Menkaure
  5177 | D:5      | Reached skill level 8 in Short Blades
  5406 | D:5      | Lost strength.
  5610 | D:5      | Reached skill level 9 in Short Blades
  5610 | D:5      | Reached XP level 8. HP: 49/49 MP: 11/11
  5671 | D:5      | Noticed Antichthon's ghost (novice GrFi)
  5754 | D:5      | Found a hide-covered altar of Uskayaw.
  5984 | D:6      | Reached skill level 10 in Short Blades
  6075 | D:6      | Noticed an angel
  6076 | D:6      | Found a shimmering altar of Xom.
  6184 | D:6      | HP: 12/49 [kobold brigand/+0 short sword (2)]
  6190 | D:6      | HP: 4/49 [centaur (4)]
  6198 | D:6      | Reached skill level 11 in Short Blades
  6641 | D:6      | Noticed a hornet
  6722 | D:6      | HP: 7/49 [hornet (10)]
  6725 | D:6      | Slain by a hornet

Vanquished Creatures
  Sigmund (D:5)
  Menkaure (D:5)
  2 ogres
  A centaur (D:6)
  A kobold brigand (D:6)
  A necrophage (D:6)
  2 scorpions
  A howler monkey (D:6)
  An orc priest (D:4)
  2 hounds
  A jelly (D:2)
  A gnoll shaman (D:6)
  2 iguanas
  Jessica (D:2)
  Terence (D:2)
  2 orc wizards (D:4)
  3 gnolls (D:6)
  5 adders
  A shadow imp (D:6)
  4 orcs
  5 ball pythons
  8 bats
  8 endoplasms
  4 giant cockroaches
  6 goblins
  5 hobgoblins
  4 quokkas
  6 frilled lizards
  8 kobolds
  3 rats
91 creatures vanquished.

Table legend:
 A = Non-vault XP
 B = Vault XP
 C = Vault XP percentage of total XP
 D = Non-vault monster count
 E = Vault monster count
 F = Vault count percentage of total count
                 A         B        C        D         E       F
            +---------+---------+-------+---------+---------+-------
      Total |    1340 |     461 |  25.6 |      87 |       4 |   4.4
            +---------+---------+-------+---------+---------+-------
        D:1 |      30 |       0 |   0.0 |      17 |       0 |   0.0
        D:2 |      90 |      73 |  44.8 |      16 |       2 |  11.1
        D:3 |      99 |       0 |   0.0 |      17 |       0 |   0.0
        D:4 |     262 |       0 |   0.0 |      18 |       0 |   0.0
        D:5 |     126 |     388 |  75.5 |       3 |       2 |  40.0
        D:6 |     733 |       0 |   0.0 |      16 |       0 |   0.0
            +---------+---------+-------+---------+---------+-------

Illustrated notes

Table legend:
 A = Kills in this place as a percentage of kills in entire the game.
 B = Kills by you in this place as a percentage of kills by you in the entire game.
 C = Kills by friends in this place as a percentage of kills by friends in the entire game.
 D = Other kills in this place as a percentage of other kills in the entire game.
 E = Experience gained in this place as a percentage of experience gained in the entire game.
 F = Experience gained in this place divided by the number of levels of this place that you have seen.
                   A       B       C       D       E      F
               +-------+-------+-------+-------+-------+----------------------
         Total | 100.0 | 100.0 |   N/A |   N/A | 100.0 | 257.3
       Dungeon | 100.0 | 100.0 |   N/A |   N/A | 100.0 | 300.2
               +-------+-------+-------+-------+-------+----------------------

Table legend: (Time is in decaauts)
 A = Elapsed time spent in this place.
 B = Non-inter-level travel time spent in this place.
 C = Inter-level travel time spent in this place.
 D = Time resting spent in this place.
 E = Time spent auto-exploring this place.
 F = Levels seen in this place.
 G = Mean time per level.
                   A        B        C        D        E       F      G
               +--------+--------+--------+--------+--------+-----+--------+
         Total |   6737 |   6516 |    221 |   1829 |   3987 |   7 |  962.4 |
       Dungeon |   6456 |   6277 |    179 |   1829 |   3755 |   6 | 1076.0 |
        Temple |    280 |    238 |     42 |      0 |    232 |   1 |  280.0 |
               +--------+--------+--------+--------+--------+-----+--------+

Top non-repeatable levels by time:
     D:1: 1458 daAuts
     D:5: 1209 daAuts
     D:3: 1051 daAuts
     D:2: 1029 daAuts
     D:4: 900 daAuts
     D:6: 809 daAuts
  Temple: 280 daAuts
